MLB
WASHINGTON NATIONALS @ MILWAUKEE BREWERS
06/13/2098
 
TOP OF THE 1ST
Washington Nationals batting - Pitching for Milwaukee Brewers : RHP Albert Preciado
Pitching: RHP Albert Preciado
Batting: RHB Luis Rivera 0-0: Ball
1-0: Foul Ball, location: 25F
1-1: Reached on error, E6 (Groundball, 56D, EV 102.5 MPH)
Batting: SHB Kyle Spencer 0-0: Fly out, F8 (Flyball, 8RXD, EV 95.6 MPH)
Batting: RHB Jon Young 0-0: Foul Ball, location: 23FF
0-1: Fly out, F8 (Flyball, 8LD, EV 101.9 MPH)
Batting: LHB Jose Lara 0-0: SINGLE (Line Drive, 56D, EV 99.4 MPH)
Luis Rivera to second
Batting: SHB Everett Anderson 0-0: Ball
1-0: Ball
2-0: Fly out, F8 (Flyball, 8LD, EV 98.1 MPH)
Top of the 1st over - 0 runs, 1 hit, 1 error, 2 left on base; Washington 0 - Milwaukee 0
BOTTOM OF THE 1ST
Milwaukee Brewers batting - Pitching for Washington Nationals : RHP Thomas Strange
Pitching: RHP Thomas Strange
Batting: RHB Byron Weaver 0-0: Called Strike
0-1: Ball
1-1: SINGLE (Line Drive, 7S, EV 88.8 MPH)
Batting: LHB Alex Cruz 0-0: Ball
1-0: Ball
2-0: Ball
3-0: Base on Balls
Byron Weaver to second
Batting: RHB Joe Hardie 0-0: Called Strike
0-1: Foul Ball, location: 2F
0-2: SINGLE (Groundball, 4MD, EV 104.4 MPH)
Byron Weaver to third
Alex Cruz to second
Runner from 3rd tries for Home, SAFE, throw by CF to home
Batting: RHB Johnny Curet 0-0: Ball
1-0: Foul Ball, location: 5FF
1-1: Fly out, F8 (Flyball, 89D, EV 93.8 MPH)
Runner from 2nd tags up, SAFE at 3rd, no throw by CF
Batting: SHB Jamie Saxton 0-0: Ball
1-0: Called Strike
1-1: SINGLE (Groundball, 34D, EV 100.6 MPH)
Alex Cruz scores
Joe Hardie to second
Runner from 2nd tries for 3rd, SAFE, throw by RF made to third
Batting: LHB Ron Lenz 0-0: Ball
1-0: Ball
2-0: Ball
3-0: Base on Balls
Jamie Saxton to second
Batting: LHB Alex Miranda 0-0: Ball
1-0: Ball
2-0: Ball
3-0: Called Strike
3-1: Foul Ball, location: 5DF
3-2: Base on Balls
Joe Hardie scores
Jamie Saxton to third
Ron Lenz to second
Batting: RHB Josh Merklin 0-0: Foul Ball, location: 5DF
0-1: Ball
1-1: Ball
2-1: Foul Ball, location: 2F
2-2: Fly out, F8 (Flyball, 8RM, EV 76.9 MPH)
Lined into DP, 8-5 (Flyball, 8RM, EV 76.9 MPH)
Bottom of the 1st over - 3 runs, 3 hits, 0 errors, 2 left on base; Washington 0 - Milwaukee 3
TOP OF THE 2ND
Washington Nationals batting - Pitching for Milwaukee Brewers : RHP Albert Preciado
Batting: RHB Mario Garcia 0-0: Swinging Strike
0-1: Swinging Strike
0-2: Strikes out swinging
Batting: RHB Isaiah Williams 0-0: Reached via error on a dropped throw from SS, E3 (Groundball, 6M, EV 78.8 MPH)
Batting: RHB Jose Orozco 0-0: Ball
1-0: Foul Ball, location: 23FF
1-1: Reached on error, E5 (Groundball, 5L, EV 105.0 MPH)
Isaiah Williams to second
Batting: LHB Sean Weaver 0-0: Foul Ball, location: 2F
0-1: Ball
Wild Pitch!
Isaiah Williams to third
Jose Orozco to second
1-1: Called Strike
1-2: Ball
2-2: SINGLE (Line Drive, 3D, EV 110.0 MPH)
Isaiah Williams scores
Jose Orozco to third
Runner from 3rd tries for Home, SAFE, throw by RF to home
Batting: RHB Luis Rivera 0-0: Foul Ball, location: 9LMF
0-1: Swinging Strike
0-2: DOUBLE (Line Drive, 3D, EV 96.3 MPH)
Sean Weaver to third
Runner from 3rd tries for Home, SAFE, no throw by RF
Batting: SHB Kyle Spencer 0-0: Ball
1-0: Swinging Strike
1-1: Ball
2-1: Called Strike
2-2: Ball
3-2: Foul Ball, location: 2F
3-2: Ground out 1-3 (Groundball, 13S, EV 66.9 MPH)
Batting: RHB Jon Young 0-0: Called Strike
0-1: Swinging Strike
0-2: Foul Ball, location: 2F
0-2: Strikes out swinging
Top of the 2nd over - 3 runs, 2 hits, 2 errors, 1 left on base; Washington 3 - Milwaukee 3
BOTTOM OF THE 2ND
Milwaukee Brewers batting - Pitching for Washington Nationals : RHP Thomas Strange
Batting: LHB Chris Weinert 0-0: Ball
1-0: Ball
2-0: Ball
3-0: Called Strike
3-1: Base on Balls
Batting: RHB Byron Weaver 0-0: Called Strike
0-1: Called Strike
0-2: Strikes out looking
Batting: LHB Alex Cruz 0-0: SINGLE (Line Drive, 34D, EV 101.9 MPH)
Chris Weinert to second
Batting: RHB Joe Hardie 0-0: Called Strike
0-1: Swinging Strike
0-2: Ball
1-2: Strikes out swinging
Batting: RHB Johnny Curet 0-0: Foul Ball, location: 25F
0-1: Fly out, F4 (Popup, 4M, EV 55.6 MPH)
Bottom of the 2nd over - 0 runs, 1 hit, 0 errors, 2 left on base; Washington 3 - Milwaukee 3
TOP OF THE 3RD
Washington Nationals batting - Pitching for Milwaukee Brewers : RHP Albert Preciado
Batting: LHB Jose Lara 0-0: Ball
1-0: Swinging Strike
1-1: SINGLE (Line Drive, 78M, EV 99.4 MPH)
Batting: SHB Everett Anderson 0-0: Called Strike
0-1: Ball
1-1: Ball
2-1: Fly out, F7 (Line Drive, 7LM, EV 103.1 MPH)
Batting: RHB Mario Garcia 0-0: Called Strike
0-1: Ball
1-1: Fly out, F8 (Flyball, 78D, EV 78.8 MPH)
Batting: RHB Isaiah Williams 0-0: Ball
1-0: Called Strike
1-1: Foul Ball, location: 2F
1-2: Strikes out swinging
Top of the 3rd over - 0 runs, 1 hit, 0 errors, 1 left on base; Washington 3 - Milwaukee 3
BOTTOM OF THE 3RD
Milwaukee Brewers batting - Pitching for Washington Nationals : RHP Thomas Strange
Batting: SHB Jamie Saxton 0-0: Ball
1-0: Fly out, F8 (Flyball, 8RXD, EV 104.4 MPH)
Batting: LHB Ron Lenz 0-0: Foul Ball, location: 2F
0-1: SINGLE (Groundball, P, EV 90.6 MPH) (infield hit)
Batting: LHB Alex Miranda 0-0: Ball
1-0: Ball
2-0: Ball
3-0: Base on Balls
Ron Lenz to second
Batting: RHB Josh Merklin 0-0: Called Strike
0-1: Fly out, F7 (Flyball, 7, EV 93.1 MPH)
Batting: LHB Chris Weinert 0-0: Swinging Strike
0-1: Swinging Strike
0-2: Ball
1-2: Strikes out swinging
Bottom of the 3rd over - 0 runs, 1 hit, 0 errors, 2 left on base; Washington 3 - Milwaukee 3
TOP OF THE 4TH
Washington Nationals batting - Pitching for Milwaukee Brewers : RHP Albert Preciado
Batting: RHB Jose Orozco 0-0: Ball
1-0: Called Strike
1-1: Called Strike
1-2: Strikes out looking
Batting: LHB Sean Weaver 0-0: Ball
1-0: Called Strike
1-1: Ball
2-1: Fly out, F8 (Flyball, 78D, EV 110.0 MPH)
Batting: RHB Luis Rivera 0-0: Foul Ball, location: 5F
0-1: Swinging Strike
0-2: Strikes out swinging
Top of the 4th over - 0 runs, 0 hits, 0 errors, 0 left on base; Washington 3 - Milwaukee 3
BOTTOM OF THE 4TH
Milwaukee Brewers batting - Pitching for Washington Nationals : RHP Thomas Strange
Batting: RHB Byron Weaver 0-0: Ball
1-0: Foul Ball, location: 9LMF
1-1: Swinging Strike
1-2: DOUBLE (Line Drive, 78D, EV 107.5 MPH)
Batting: LHB Alex Cruz 0-0: Ball
1-0: Foul Ball, location: 5DF
1-1: Foul Ball, location: 5F
1-2: Strikes out swinging
Batting: RHB Joe Hardie 0-0: Called Strike
0-1: Ball
1-1: Foul Ball, location: 9LSF
1-2: Strikes out looking
Batting: RHB Johnny Curet 0-0: Ball
1-0: Called Strike
1-1: Fly out, F2 (Popup, 2LF, EV 90.0 MPH)
Bottom of the 4th over - 0 runs, 1 hit, 0 errors, 1 left on base; Washington 3 - Milwaukee 3
TOP OF THE 5TH
Washington Nationals batting - Pitching for Milwaukee Brewers : RHP Albert Preciado
Batting: SHB Kyle Spencer 0-0: Called Strike
0-1: Foul Ball, location: 7LDF
0-2: Ball
1-2: Ground out U3 (Groundball, 3, EV 80.6 MPH)
Batting: RHB Jon Young 0-0: Called Strike
0-1: Swinging Strike
0-2: Strikes out looking
Batting: LHB Jose Lara 0-0: Ball
1-0: Called Strike
1-1: Called Strike
1-2: Strikes out looking
Top of the 5th over - 0 runs, 0 hits, 0 errors, 0 left on base; Washington 3 - Milwaukee 3
BOTTOM OF THE 5TH
Milwaukee Brewers batting - Pitching for Washington Nationals : RHP Thomas Strange
Batting: SHB Jamie Saxton 0-0: Ball
1-0: Ball
2-0: Swinging Strike
2-1: Swinging Strike
2-2: Strikes out looking
Batting: LHB Ron Lenz 0-0: Fly out, F2 (Popup, 25F, EV 84.4 MPH)
Batting: LHB Alex Miranda 0-0: Swinging Strike
0-1: Foul Ball, location: 2F
0-2: Strikes out swinging
Bottom of the 5th over - 0 runs, 0 hits, 0 errors, 0 left on base; Washington 3 - Milwaukee 3
TOP OF THE 6TH
Washington Nationals batting - Pitching for Milwaukee Brewers : RHP Albert Preciado
Batting: SHB Everett Anderson 0-0: Called Strike
0-1: Swinging Strike
0-2: Ball
1-2: Ball
2-2: Ground out 6-3 (Groundball, 6, EV 97.5 MPH)
Batting: RHB Mario Garcia 0-0: Foul Ball, location: 2RF
0-1: Ball
1-1: Ground out 6-3 (Groundball, 6, EV 82.5 MPH)
Batting: RHB Isaiah Williams 0-0: Fly out, F5 (Popup, 15, EV 78.8 MPH)
Top of the 6th over - 0 runs, 0 hits, 0 errors, 0 left on base; Washington 3 - Milwaukee 3
BOTTOM OF THE 6TH
Milwaukee Brewers batting - Pitching for Washington Nationals : RHP Thomas Strange
Batting: RHB Josh Merklin 0-0: Called Strike
0-1: SINGLE (Line Drive, 5D, EV 95.0 MPH)
Batting: LHB Chris Weinert 0-0: Foul Ball, location: 2F
0-1: Fly out, F5 (Popup, 15, EV 83.8 MPH)
Pitching: RHP Tomas Diaz
Batting: RHB Byron Weaver 0-0: Called Strike
0-1: Swinging Strike
0-2: Foul Ball, location: 2F
0-2: Foul Ball, location: 5FF
0-2: Foul Ball, location: 3DF
0-2: Ball
1-2: Foul Ball, location: 2F
1-2: Strikes out swinging
Batting: LHB Alex Cruz 0-0: SINGLE (Line Drive, 4D, EV 105.0 MPH)
Josh Merklin to second
Batting: RHB Joe Hardie 0-0: Called Strike
0-1: Ball
Wild Pitch!
Josh Merklin to third
Alex Cruz to second
1-1: Fly out, F6 (Popup, 6MS, EV 72.5 MPH)
Bottom of the 6th over - 0 runs, 2 hits, 0 errors, 2 left on base; Washington 3 - Milwaukee 3
TOP OF THE 7TH
Washington Nationals batting - Pitching for Milwaukee Brewers : RHP Albert Preciado
Pitching: RHP Bob McDonald
Batting: RHB Jose Orozco 0-0: Swinging Strike
0-1: Ball
1-1: Ball
2-1: Foul Ball, location: 5FF
2-2: Foul Ball, location: 2F
2-2: SINGLE (Groundball, 6MD, EV 101.3 MPH)
Batting: LHB Sean Weaver 0-0: Called Strike
0-1: Ball
1-1: Ball
2-1: Fielders Choice at 2nd, 4-6 (Groundball, 4M, EV 85.0 MPH)
Batting: RHB Luis Rivera 0-0: Ball
1-0: Swinging Strike
1-1: Ball
2-1: Ball
3-1: SINGLE (Groundball, 56, EV 102.5 MPH)
Sean Weaver to second
Batting: SHB Kyle Spencer 0-0: Called Strike
0-1: Foul Ball, location: 3F
0-2: Ball
1-2: Foul Ball, location: 2F
1-2: Ball
2-2: Strikes out swinging
Batting: RHB Jon Young 0-0: Ground out U3 (Groundball, 3L, EV 103.1 MPH)
Top of the 7th over - 0 runs, 2 hits, 0 errors, 2 left on base; Washington 3 - Milwaukee 3
BOTTOM OF THE 7TH
Milwaukee Brewers batting - Pitching for Washington Nationals : RHP Tomas Diaz
Batting: RHB Johnny Curet 0-0: Swinging Strike
0-1: Swinging Strike
0-2: Ball
1-2: Strikes out swinging
Batting: SHB Jamie Saxton 0-0: Ball
1-0: Ball
2-0: SOLO HOME RUN (Flyball, 9D, EV 99.4 MPH), Distance : 382 ft
Batting: LHB Ron Lenz 0-0: Ball
1-0: Ball
2-0: Ball
3-0: Base on Balls
Pitching: LHP Manny Arellano
Batting: LHB Alex Miranda 0-0: Fly out, F9 (Flyball, 9LSF, EV 83.1 MPH)
Batting: RHB Josh Merklin 0-0: Swinging Strike
0-1: Ball
1-1: Foul Ball, location: 2F
1-2: Ball
2-2: Foul Ball, location: 25F
2-2: Fly out, F9 (Flyball, 9, EV 90.0 MPH)
Bottom of the 7th over - 1 run, 1 hit, 0 errors, 1 left on base; Washington 3 - Milwaukee 4
TOP OF THE 8TH
Washington Nationals batting - Pitching for Milwaukee Brewers : RHP Bob McDonald
Pitching: RHP Cesar de Lara
Batting: LHB Jose Lara 0-0: Swinging Strike
0-1: Ball
1-1: Ground out 4-3 (Groundball, 4, EV 94.4 MPH)
Batting: SHB Everett Anderson 0-0: Called Strike
0-1: Ball
1-1: Foul Ball, location: 23F
1-2: Foul Ball, location: 23FF
1-2: Ball
2-2: Foul Ball, location: 7LDF
2-2: Strikes out swinging
Batting: RHB Mario Garcia 0-0: Ball
1-0: Ball
2-0: Foul Ball, location: 9LDF
2-1: Ball
3-1: Foul Ball, location: 5FF
3-2: Strikes out swinging, 2-3 out at first.
Top of the 8th over - 0 runs, 0 hits, 0 errors, 0 left on base; Washington 3 - Milwaukee 4
BOTTOM OF THE 8TH
Milwaukee Brewers batting - Pitching for Washington Nationals : LHP Manny Arellano
Batting: LHB Chris Weinert 0-0: Called Strike
0-1: Called Strike
0-2: Ball
1-2: Ball
2-2: Ball
3-2: Base on Balls
Batting: RHB Byron Weaver 0-0: Called Strike
0-1: Ball
1-1: Foul Ball, location: 3DF
1-2: Fly out, F8 (Flyball, 8RD, EV 94.4 MPH)
Batting: LHB Alex Cruz 0-0: Ball
1-0: Grounds into double play, 1-6-3 (Groundball, 13S, EV 73.8 MPH)
Bottom of the 8th over - 0 runs, 0 hits, 0 errors, 0 left on base; Washington 3 - Milwaukee 4
TOP OF THE 9TH
Washington Nationals batting - Pitching for Milwaukee Brewers : RHP Cesar de Lara
Batting: RHB Isaiah Williams 0-0: Called Strike
0-1: Foul Ball, location: 7LMF
0-2: Strikes out swinging
Batting: RHB Jose Orozco 0-0: Called Strike
0-1: Foul Ball, location: 2F
0-2: Strikes out looking
Batting: LHB Sean Weaver 0-0: Called Strike
0-1: Ball
1-1: Ground out 6-3 (Groundball, 4M, EV 85.0 MPH)
Top of the 9th over - 0 runs, 0 hits, 0 errors, 0 left on base; Washington 3 - Milwaukee 4
Saturday, April 6th , 2024 - OOTP Baseball 24.11 Build 85